AoeStats
← ThE_JoKeR

Arena

509722844Analyzed
3v3 RM · 4d ago on Sep 27, 2026· 47m 9s· 6 players
Game mode
Random Map
Map size
Normal (6 player)
Population
200
Speed
Normal
Resources
Standard
Victory
Conquest
Starting age
Dark Age
Ending age
Imperial Age
RankedLock teamsTeams togetherTeam positionsShared explorationLock speedFull tech treeHidden civsTurbo modeCheats
Victory
Defeat
🇩🇪 Spanish · Germany
937
+12
🇩🇪 Persians · Germany
856
+15
🇩🇪 Chinese · Germany
800
+17
🇩🇪 Sicilians · Germany
929
-19
🇨🇦 Britons · Canada
822
-24
🇩🇪 Turks · Germany
750
-11
ThE_JoKeR
11:23 Feudal Age
11:14 Loom
17:02 Castle Age
15:47 Horse Collar
15:55 Double-Bit Axe
34:35 Bloodlines
37:16 Bow Saw
38:19 Forging
38:38 Ballistics
38:50 Heavy Plow
40:17 Scale Barding Armor
Bordo-Bereli-20
5:26 Loom
13:14 Feudal Age
15:54 Scale Mail Armor
17:41 Double-Bit Axe
20:07 Castle Age
18:00 Double-Bit Axe
18:50 Horse Collar
19:41 Scale Barding Armor
19:47 Forging
19:38 Arson
21:24 Wheelbarrow
21:05 Bow Saw
22:24 Squires
25:00 Hand Cart
25:04 Heavy Plow
27:27 Stone Mining
27:28 Gold Mining
30:05 Fletching
31:11 Ballistics
31:44 Heated Shot
31:35 Treadmill Crane
33:22 Chain Mail Armor
33:42 Iron Casting
33:08 Padded Archer Armor
33:53 Chain Barding Armor
34:24 Gold Shaft Mining
35:11 Bloodlines
35:02 Husbandry
35:00 Bodkin Arrow
37:09 Leather Archer Armor
40:27 Masonry
40:13 Murder Holes
40:28 Fortified Wall
48:38 Imperial Age
thomasvienneau360
9:56 Feudal Age
10:39 Double-Bit Axe
13:59 Gold Mining
16:16 Man-at-Arms
17:35 Wheelbarrow
17:05 Stone Mining
17:11 Stone Mining
18:05 Loom
18:07 Town Watch
22:36 Castle Age
23:16 Forging
23:07 Scale Mail Armor
23:08 Padded Archer Armor
23:46 Fletching
24:49 Crossbowman
27:57 Light Cavalry
29:56 Bodkin Arrow
30:37 Iron Casting
39:44 Leather Archer Armor
41:38 Ballistics
41:42 Hand Cart
41:44 Bow Saw
41:22 Pikeman
43:07 Scale Barding Armor
44:00 Squires
yannik
11:04 Feudal Age
11:46 Horse Collar
16:56 Castle Age
15:16 Double-Bit Axe
16:53 Stone Mining
18:38 Stone Shaft Mining
21:05 Bloodlines
22:36 Masonry
23:24 Loom
23:56 Murder Holes
26:42 Heavy Plow
28:34 Town Watch
30:39 Wheelbarrow
33:57 Imperial Age
32:14 Husbandry
35:21 Hand Cart
35:42 Conscription
36:54 Chemistry
37:01 Town Patrol
39:54 Architecture
42:52 Elite Conquistador
44:03 Ballistics
43:52 Scale Barding Armor
43:49 Padded Archer Armor
butteryassluke
10:26 Feudal Age
10:52 Horse Collar
11:01 Double-Bit Axe
15:17 Loom
17:56 Castle Age
18:23 Heavy Plow
18:47 Gold Mining
20:42 Bow Saw
23:28 Scale Barding Armor
25:16 Husbandry
28:49 Chain Barding Armor
34:38 Gold Shaft Mining
36:45 Scale Mail Armor
37:41 Bloodlines
37:37 Stone Mining
37:58 Kamandaran
39:33 Crossbowman
40:19 Thumb Ring
43:05 Imperial Age
41:11 Wheelbarrow
40:24 Town Watch
41:20 Chain Mail Armor
42:47 Fletching
42:57 Padded Archer Armor
43:14 Masonry
43:33 Ballistics
43:14 Elite War Elephant
45:08 Bodkin Arrow
45:28 Leather Archer Armor
45:45 Plate Mail Armor
45:51 Plate Barding Armor
jip
0:27 Loom
10:08 Feudal Age
10:34 Double-Bit Axe
10:49 Horse Collar
18:51 Castle Age
17:40 Scale Mail Armor
20:28 Elite Skirmisher
21:37 Squires
21:40 Pikeman
30:04 Fletching
30:31 Chain Mail Armor
33:04 Gold Mining
33:53 Wheelbarrow
33:21 Heavy Plow
35:13 Bow Saw
40:05 Imperial Age
41:55 Two-Man Saw
41:40 Hand Cart
41:32 Capped Ram
43:06 Thumb Ring
42:25 Halberdier
44:09 Chemistry
43:30 Ballistics
43:02 Town Watch
43:18 Bodkin Arrow
43:23 Padded Archer Armor
43:54 Plate Mail Armor
43:41 Stone Mining
44:27 Gold Shaft Mining
44:35 Gold Shaft Mining
43:34 Siege Ram
47:29 Stone Shaft Mining
47:26 Bombard Tower
Connection lost

Rejoining the realm…

Still unreachable

The connection could not be restored.

Session expired

The server has moved on; the page needs a fresh start.